Map: Terrasses de Prion

Players

TheObcd - Winner!

  • Race: Protoss Protoss
  • League: Gold

Wumme

  • Race: Terran Terran
  • League: Platinum

VOD

Have the link to the VOD?

Description

Time

  • Played on: May 6, 2016, 2:01 a.m.
  • Length: 12:00
Show
View Real Time Build Order
Export as new Build Order

TheObcd Protoss - Winner!

Build Orders: Mass Adepts 

Get SALT Encoding   

  12  0:09  Pylon  
  12  0:14  Probe (Chrono Boost)  
  13  0:29  Gateway  
  13  0:32  Probe (Chrono Boost)  
  15  0:43  Probe (Chrono Boost)  
  15  0:44  Assimilator  
  15  0:53  Probe (Chrono Boost)  
  16  1:04  Probe (Chrono Boost)  
  17  1:08  Gateway  
  17  1:16  Cybernetics Core  
  17  1:24  Zealot (Chrono Boost)  
  19  1:37  Pylon  
  19  1:47  Zealot (Chrono Boost)  
  19  1:52  Mothership Core (Chrono Boost)  
  23  1:57  Adept (Chrono Boost)  
  25  2:13  Adept (Chrono Boost)  
  27  2:26  Adept (Chrono Boost)  
  29  2:42  Pylon  
  29  2:45  Pylon  
  29  2:49  Pylon  
  29  2:50  Pylon  
  29  2:55  Adept (Chrono Boost)  
  29  3:33  Adept (Chrono Boost)  
  33  3:36  Pylon  
  33  3:37  Adept (Chrono Boost), Pylon  
  31  3:57  Adept (Chrono Boost)  
  35  4:04  Adept (Chrono Boost)  
  35  4:20  Adept (Chrono Boost)  
  37  4:31  Adept (Chrono Boost)  
  35  4:46  Probe  
  35  4:48  Adept (Chrono Boost)  
  36  4:56  Robotics Facility  
  36  4:58  Adept (Chrono Boost)  
  38  5:21  Nexus  
  30  5:57  Mothership Core  
  30  6:03  Warp Gate (Chrono Boost)  
  32  6:04  Stalker  
  32  6:05  Stalker  
  34  6:19  Pylon  
  23  6:34  Stalker, Probe  
  23  6:35  Adept  
  23  6:39  Assimilator  
  28  6:40  Probe  
  28  6:44  Observer  
  28  6:46  Probe  
  31  6:50  Probe  
  32  6:59  Probe  
  33  7:01  Probe  
  33  7:02  Adept  
  33  7:04  Adept  
  36  7:39  Adept x2  
  36  7:43  Probe  
  40  7:44  Probe  
  42  7:53  Gateway  
  42  7:56  Gateway  
  41  8:08  Observer  
  41  8:10  Probe  
  41  8:11  Probe  
  41  8:12  Assimilator  
  44  8:13  Assimilator  
  44  8:19  Pylon  
  44  8:21  Pylon  
  44  8:22  Stalker x2  
  46  8:36  Probe  
  46  8:37  Probe  
  48  8:47  Probe  
  48  8:51  Pylon  
  48  8:53  Stalker x4  
  57  8:58  Observer  
  58  9:23  Observer  
  56  9:25  Stalker x2  
  56  9:26  Stalker  
  56  9:28  Probe x2  
  64  9:35  Gateway  
  64  9:36  Gateway  
  64  9:38  Gateway  
  64  9:40  Probe  
  64  9:44  Observer  
  66  9:45  Stalker  
  66  9:49  Stalker  
  70  9:56  Pylon  
  70  9:58  Pylon  
  70  10:17  Observer  
  70  10:18  Probe  
  70  10:20  Stalker x4  
  77  10:38  Observer  
  73  10:47  Stalker x4  
  81  11:00  Observer  
  78  11:16  Stalker x4  
  80  11:37  Adept x3  
  74  11:55  Nexus  
Show
View Real Time Build Order
Export as new Build Order

Wumme Terran 

Build Orders:  

Get SALT Encoding   

  12  0:01  SCV  
  13  0:13  SCV  
  14  0:18  Supply Depot  
  14  0:25  SCV  
  15  0:40  SCV  
  15  0:41  Barracks  
  16  0:47  Refinery  
  16  0:52  SCV  
  17  1:04  SCV  
  18  1:16  SCV  
  19  1:30  Orbital Command  
  19  1:33  Barracks Reactor  
  19  1:42  Command Center  
  19  1:55  SCV  
  19  1:58  Supply Depot  
  20  2:07  SCV  
  21  2:11  Marine x2  
  21  2:15  Factory  
  23  2:20  SCV  
  24  2:29  Supply Depot  
  24  2:30  Refinery  
  24  2:31  Marine  
  24  2:32  SCV  
  24  2:33  Marine  
  26  2:44  SCV  
  25  2:59  Widow Mine, Marine x2  
  25  3:04  Barracks  
  27  3:12  Bunker  
  27  3:13  Bunker  
  27  3:14  SCV  
  27  3:35  Widow Mine  
  25  3:47  Marine  
  26  3:56  Marine  
  25  4:05  Marine  
  25  4:09  Widow Mine  
  27  4:23  Marine  
  19  4:40  Marine  
  20  4:46  SCV x2  
  20  4:52  Marine  
  23  5:02  Widow Mine  
  23  5:03  Marine  
  25  5:09  Marine  
  25  5:21  Marine  
  24  5:39  Marine  
  25  5:48  SCV  
  23  6:06  SCV x2  
  21  6:47  SCV  
  21  6:48  Marine x2  
  24  7:02  Factory Reactor  
  24  7:11  Marine  
  22  7:37  Marine x2  
  22  7:39  Widow Mine  
  22  7:42  SCV  
  20  8:35  Marine x2  
  22  8:47  Supply Depot  
  22  8:58  Marine  
  23  9:07  SCV  
  24  9:16  Barracks  
  24  9:18  Barracks  
  24  9:19  SCV  
  23  9:30  Marine  
  23  9:31  Marine, SCV  
  25  9:35  SCV  
  27  9:43  SCV  
  28  9:48  SCV  
  29  9:53  Marine x2  
  31  10:00  Widow Mine x2, SCV  
  31  10:02  Starport, SCV  
  37  10:12  Bunker, SCV  
  38  10:16  SCV  
  38  10:23  Bunker  
  38  10:27  Barracks Tech Lab  
  38  10:33  Marine, SCV  
  38  10:34  SCV  
  38  10:37  Marine  
  38  10:38  Marine  
  35  10:45  SCV  
  35  10:46  SCV  
  37  10:51  Marine  
  38  11:12  Marine x2  
  38  11:29  Marine, SCV x2  
  38  11:34  Marauder  
  38  11:37  Marine x2  
  34  11:41  SCV  
Tags
 
Add a new tag
Caveats
  • Supply blocks, unpowered buildings, or Contaminate may cause inaccurate times.
  • Supply counts are checked every 10 seconds.